 Dungeon Crawl Stone Soup version 0.28-a0-732-g75e6d9b (webtiles) character file.

Game seed: 1638839469170662151

901 NeededCrab the Zephyrmancer (level 7, -3/51 HPs)
             Began as a Black Draconian Air Elementalist on Oct 29, 2021.
             Was an Initiate of Vehumet.
             Killed from afar by Maggie (5 damage)
             ... with a bolt of fire
             ... on level 6 of the Dungeon.
             The game lasted 00:24:28 (7059 turns).

NeededCrab the Zephyrmancer (DrAE)                  Turns: 7059, Time: 00:24:28

Health: -3/51      AC:  7    Str:  9 (11) XL:     7   Next: 80%
Magic:  0/14       EV: 11    Int: 16 (17) God:    Vehumet [......]
Gold:   223        SH:  4    Dex:  8 (11) Spells: 3/15 levels left

rFire   + . .      SeeInvis .   k - staff of fire
rCold   . . .      Faith    .   b - +0 buckler
rNeg    . . .      Spirit   .   (armour unavailable)
rPois   .          Reflect  .   (helmet restricted)
rElec   +          Harm     .   (no cloak)
rCorr   .          Rampage  .   (no gloves)
Will    .....                   r - +0 pair of boots
Stlth   +.........              s - amulet of regeneration
HPRegen 1.17/turn               (no ring)
MPRegen 0.14/turn               (no ring)

@: short of breath, mesmerised
A: breathe lightning, AC +6, unfitting armour, electricity resistance,
cold-blooded
a: Breathe Lightning, Renounce Religion


You were on level 6 of the Dungeon.
You worshipped Vehumet.
Vehumet was noncommittal.
You visited 2 branches of the dungeon, and saw 7 of its levels.

You collected 223 gold pieces.

Inventory:

Hand Weapons
 y - a +0 quarterstaff
Missiles
 t - 2 throwing nets
Armour
 b - a +0 buckler (worn)
 r - a +0 pair of boots (worn)
Magical Staves
 k - a staff of fire (weapon)
Jewellery
 s - an amulet of regeneration (around neck)
Wands
 m - a wand of iceblast (9)
 w - a wand of flame (33)
Scrolls
 a - 3 scrolls of amnesia {unknown}
 f - 3 scrolls of fear {unknown}
 g - a scroll of blinking {unknown}
 h - a scroll of teleportation {unknown}
 i - 5 scrolls of identify {unknown}
 j - a scroll of summoning {unknown}
 l - a scroll of enchant weapon {unknown}
 o - a scroll of immolation {unknown}
 p - a scroll of torment {unknown}
 q - a scroll of magic mapping {unknown}
 x - a scroll of vulnerability {unknown}
Potions
 c - a potion of brilliance {unknown}
 d - a potion of degeneration
 n - 2 potions of heal wounds {unknown}
 u - a potion of flight {unknown}
 v - a potion of berserk rage {unknown}


   Skills:
 * Level 0.4 Fighting
 - Level 1.7 Dodging
 - Level 1.7 Stealth
 - Level 4.0 Shields
 + Level 4.6 Spellcasting
 - Level 2.0 Conjurations
 + Level 8.0 Air Magic


You had 3 spell levels left.
You knew the following spells:

 Your Spells              Type           Power      Damage    Failure   Level
a - Shock                 Conj/Air       76%        1d7       1%          1
b - Static Discharge      Conj/Air       19%        N/A       3%          2
c - Swiftness             Air            29%        N/A       1%          3
d - Poisonous Vapours     Pois/Air       32%        N/A       4%          2
e - Airstrike             Air            14%        N/A       6%          4

Your spell library contained the following spells:

 Spells                   Type           Power      Damage    Failure   Level
 Corpse Rot               Necr/Air       32%        N/A       4%          2
 Slow                     Hex            3%         N/A       24%         2
 Stone Arrow              Conj/Erth      14%        3d7       30%         3
 Confusing Touch          Hex            3%         N/A       43%         3
 Vampiric Draining        Necr           1%         2d6       43%         3
 Sticky Flame             Conj/Fire      10%        2d3       71%         4
 Dispel Undead            Necr           3%         3d7       83%         4
 Malign Gateway           Summ/Tloc      1%         N/A       100%        7
 Lehudib's Crystal Spear  Conj/Erth      3%         10d3      100%        8
 Summon Horrible Things   Summ           1%         N/A       100%        8
 Animate Armour           Summ/Erth      Unusable   N/A       N/A         4

Dungeon Overview and Level Annotations

Branches:
Dungeon (6/15)             Temple (1/1) D:5

Altars:
Ashenzari
Cheibriados
Dithmenos
Elyvilon
Fedhas
Gozag
Hepliaklqana
Kikubaaqudgha
Makhleb
Nemelex Xobeh
Okawaru
Qazlal
Ru
Sif Muna
Trog
Vehumet
Wu Jian
Xom
Yredelemnul
Zin
The Shining One

Annotations:
D:5 3 runed translucent doors, Caerwyn's ghost, novice DjCj; Edmund
D:6 3 runed translucent doors, Maggie; Tyrosin's ghost, novice BaFi


Innate Abilities, Weirdness & Mutations

You can breathe wild blasts of lightning.
Your glossy black scales are hard. (AC +6)
You cannot fit into any form of body armour.
You are resistant to electric shocks. (rElec)
You are cold-blooded and may be slowed by cold attacks.


Message History

Press: ? - help, Shift-Dir - straight line The zap hits Maggie.
Maggie is almost dead.
The zap hits Maggie but does no damage.
Maggie is almost dead.
Maggie casts a spell.
Maggie draws you further into her thrall.
You barely miss Maggie.
Maggie is almost dead.
Maggie casts a spell at you. The bolt of fire hits you. You resist.
The howler monkey skeleton closely misses you.
Maggie misses you.
You hit Maggie but do no damage.
Maggie is almost dead.
Maggie hits you but does no damage.
The howler monkey skeleton barely misses you.
Maggie hits you but does no damage.
The howler monkey skeleton hits you but does no damage.
You barely miss Maggie.
Maggie is almost dead.
Maggie barely misses you. The howler monkey skeleton hits you.
Maggie barely misses you.
You hit Maggie but do no damage. You tail-slap Maggie, but do no damage.
Maggie is almost dead.
Maggie hits you with a +0 morningstar of flaming!
* * * LOW HITPOINT WARNING * * *
Maggie burns you.
* * * LOW HITPOINT WARNING * * *
The howler monkey skeleton hits you but does no damage.
Maggie mutters to herself, "Master Lance won't take me back.
This is the way forward."
Maggie points at you and mumbles some strange words.
The bolt of fire hits you! You resist.
* * * LOW HITPOINT WARNING * * *
It was a potion of degeneration.
There was something very wrong with that liquid.
You feel weakened.
You feel dopey.
You feel clumsy.
Maggie points at you and mumbles some strange words.
The bolt of fire hits you. You resist.
You die...

. #.# #.# #.# #.#
#############.#######
#...........#...@@..#
#.#########.#....Z#.#
#.## #........#.# #
#..#####....##..#.#
......########..#<#
......# #....#
###...##### ##.#.#
hF#.[...... ..#.#
lW#...##### ###.#


You could see Maggie (mesmerising, fast) and a howler monkey skeleton.

Vanquished Creatures
  A sky beast (D:6)
  2 ice beasts
  A bullfrog (D:6)
  A scorpion (D:6)
  2 water moccasin zombies
  A wyvern skeleton (D:5)
  A bullfrog skeleton (D:6)
  An orc priest (D:6)
  A centaur skeleton (D:6)
  3 orc wizards
  2 hound skeletons (D:4)
  3 gnolls
  3 adders
  A white imp (D:6)
  2 ufetubi (D:5)
  3 worms
  2 dart slugs
  6 orcs
  2 endoplasms
  6 giant cockroaches
  10 goblins
  7 hobgoblins
  3 jackals (D:2)
  8 kobolds
  3 quokkas
  8 ball pythons
  7 bats
  A frilled lizard (D:1)
  3 rats
94 creatures vanquished.

Notes
Turn   | Place    | Note
-------+----------+-------------------------------------------
     0 | D:1      | NeededCrab the Draconian Air Elementalist began the quest
                  | for the Orb.
     0 | D:1      | Reached XP level 1. HP: 14/14 MP: 3/3
   359 | D:1      | Reached XP level 2. HP: 22/22 MP: 3/5
   412 | D:1      | Learned a level 2 spell: Static Discharge
   503 | D:1      | Found a faded altar of an unknown god.
   815 | D:1      | Reached skill level 1 in Shields
   986 | D:1      | Reached XP level 3. HP: 27/27 MP: 0/6
  1758 | D:2      | Found a broken altar of Ashenzari.
  2366 | D:3      | Noticed a sky beast
  2906 | D:2      | Reached XP level 4. HP: 15/34 MP: 1/7
  3152 | D:3      | Reached skill level 4 in Air Magic
  3205 | D:2      | Learned a level 3 spell: Swiftness
  3208 | D:2      | Learned a level 2 spell: Poisonous Vapours
  3698 | D:4      | Noticed an ice beast
  3969 | D:4      | Reached XP level 5. HP: 35/39 MP: 1/8
  4847 | D:5      | Entered Level 5 of the Dungeon
  5065 | D:5      | Found a staircase to the Ecumenical Temple.
  5075 | Temple   | Entered the Ecumenical Temple
  5172 | Temple   | Became a worshipper of Vehumet
  5402 | D:5      | Found a runed translucent gate.
  5403 | D:5      | Found a runed translucent gate.
  5405 | D:5      | Found a runed translucent gate.
  5406 | D:5      | Noticed Caerwyn's ghost (novice DjCj)
  5451 | D:5      | Noticed Edmund
  5503 | D:5      | Noticed an ice beast
  5510 | D:5      | Killed an ice beast
  5511 | D:5      | Reached XP level 6. HP: 46/46 MP: 0/10
  6152 | D:6      | Reached skill level 5 in Air Magic
  6233 | D:6      | Your scales start taking on a glossy black colour.
  6233 | D:6      | Reached skill level 6 in Air Magic
  6233 | D:6      | Reached XP level 7. HP: 49/51 MP: 5/12
  6233 | D:6      | Gained mutation: You are resistant to electric shocks.
                  | (rElec) [Black Draconian growth]
  6238 | D:6      | Learned a level 4 spell: Airstrike
  6567 | D:6      | Reached skill level 7 in Air Magic
  6665 | D:6      | Found a runed translucent gate.
  6665 | D:6      | Found a runed translucent gate.
  6665 | D:6      | Found a runed translucent gate.
  6666 | D:6      | Noticed a wraith
  6931 | D:6      | Noticed Tyrosin's ghost (novice BaFi)
  6940 | D:6      | Reached skill level 8 in Air Magic
  7039 | D:6      | Noticed Maggie
  7058 | D:6      | HP: 1/51 [Maggie/bolt of fire (9)]
  7059 | D:6      | Killed from afar by Maggie

Illustrated notes

Levels and vault maps discovered:
D:1:      lemuel_arrival_room, layout_basic, basic_ecumenical_altar,
          corexii_leaking_fountain, minmay_misc_feat_doors, minmay_tetromino_i2
D:2:      layout_loops_cross, basic_altar
D:3:      layout_basic
D:4:      layout_loops_ring
D:5:      cheibrodos_quashed, layout_loops_ring,
          minmay_temple_entry_stoned_glass, gammafunk_ghost_necromancy,
          uniq_edmund
D:6:      layout_basic, gammafunk_ghost_split, uniq_maggie
Temple:   compressed_dpeg_circular_temple

Skill      XL: |  1  2  3  4  5  6  7 |
---------------+----------------------+-----
Shields        | 1 2 3 4 |  4.0
Conjurations   | 2 |  2.0
Air Magic      | 4 6 8 |  8.0
Spellcasting   | 3 4 |  4.6
Fighting       | |  0.4
Dodging        | |  1.7
Stealth        | |  1.7

Action                   |  1- 3 |  4- 6 |  7- 9 || total
-------------------------+-------+-------+-------++-------
Melee: Unarmed           |    26 |       |       ||    26
       Tailslap          |     3 |     4 |     2 ||     9
       Staff             |    10 |    32 |    35 ||    77
 Cast: Shock             |   108 |    50 |    11 ||   169
       Static Discharge  |     5 |    32 |    18 ||    55
       Poisonous Vapours |       |     2 |    10 ||    12
 Abil: Breathe Lightning |       |       |     6 ||     6
  Use: Potion            |       |       |     4 ||     4
Armor: Skin              |    18 |    32 |    26 ||    76
Dodge: Dodged            |    36 |    36 |    43 ||   115
Block: Buckler           |       |     4 |    12 ||    16

Table legend: (Time is in decaauts)
 A = Elapsed time spent in this place.
 B = Non-inter-level travel time spent in this place.
 C = Inter-level travel time spent in this place.
 D = Time resting spent in this place.
 E = Time spent auto-exploring this place.
 F = Levels seen in this place.
 G = Mean time per level.
                   A        B        C        D        E       F      G
               +--------+--------+--------+--------+--------+-----+--------+
         Total |   7079 |   6833 |    246 |    982 |   4714 |   7 | 1011.3 |
       Dungeon |   6948 |   6735 |    213 |    982 |   4639 |   6 | 1158.0 |
        Temple |    131 |     98 |     33 |      0 |     75 |   1 |  131.0 |
               +--------+--------+--------+--------+--------+-----+--------+

Top non-repeatable levels by time:
     D:2: 1306 daAuts
     D:1: 1247 daAuts
     D:3: 1233 daAuts
     D:5: 1169 daAuts
     D:4: 1072 daAuts
     D:6: 918 daAuts
  Temple: 131 daAuts
